 Dungeon Crawl Stone Soup version 0.22.1-1-ga44c0e5 (webtiles) character file.

27204 Irenicus the Cleaver (level 13, -4/117 HPs)
             Began as a Deep Dwarf Necromancer on Oct 6, 2018.
             Was a High Priest of Makhleb.
             Killed from afar by a raiju (12 damage)
             ... with a living lightning
             ... on level 3 of the Abyss.
             The game lasted 01:07:09 (7161 turns).

Irenicus the Cleaver (Deep Dwarf Necromancer)       Turns: 7161, Time: 01:07:09

Health: -4/117     AC: 27    Str: 10      XL:     13   Next: 3%
Magic:  11/11      EV:  7    Int: 14 (15) God:    Makhleb [*****.]
Gold:   656        SH:  4    Dex: 17      Spells: 10/16 levels left

rFire    + . .     SeeInvis .   v - +5 executioner's axe (flame)
rCold    . . .     Gourm    .   (shield currently unavailable)
rNeg     . . .     Faith    .   t - +9 chain mail of Spite {Stlth+}
rPois    .         Spirit   .   e - +0 helmet
rElec    .         Reflect  .   (no cloak)
rCorr    .         Harm     .   u - +0 pair of gloves
MR       +....                  (no boots)
Stlth    ..........             A - amulet of magic regeneration
HPRegen  0.00/turn              j - ring of protection from fire {rF+, !d}
MPRegen  0.37/turn              (no ring)

@: non-regenerating
A: damage resistance, heal wounds, large bone plates 1, molten scales 1,
[deterioration 2], [dopey 1], [low mp 1], sense surroundings 2, [weak 1], [no
potion heal 1], no regeneration
a: Heal Wounds, Minor Destruction, Lesser Servant of Makhleb, Major Destruction,
Greater Servant of Makhleb, Renounce Religion


You were on level 3 of the Abyss.
You worshipped Makhleb.
Makhleb was extremely pleased with you.
You were very hungry.

You visited 3 branches of the dungeon, and saw 14 of its levels.
You visited the Abyss 1 time.

You collected 1270 gold pieces.
You spent 614 gold pieces at shops.

Inventory:

Hand Weapons
 b - a +2 hand axe of chopping
   (You took it off an orc on level 3 of the Dungeon)
 v - a +5 executioner's axe of flaming (weapon)
   (You acquired it on level 2 of the Orcish Mines)
 H - a +0 hand axe of distortion {!w}
   (You bought it in a shop on level 2 of the Orcish Mines)
Armour
 e - a +0 helmet (worn)
   (You took it off Robin on level 2 of the Dungeon)
 k - a +2 ring mail of fire resistance
   (You found it on level 2 of the Dungeon)
 t - the +9 chain mail of Spite (worn) {Stlth+}
   (You found it on level 5 of the Dungeon)

   It makes you more stealthy.
 u - a +0 pair of gloves (worn)
   (You found it on level 8 of the Dungeon)
 C - +0 acid dragon scales
   (You found it on level 11 of the Dungeon)
Jewellery
 j - a ring of protection from fire (left hand) {rF+, !d}
   (You found it on level 2 of the Dungeon)
 A - an amulet of magic regeneration (around neck)
   (You found it on level 8 of the Dungeon)
Wands
 f - a wand of flame (16)
   (You found it on level 8 of the Dungeon)
 y - a wand of clouds (5)
   (You found it on level 8 of the Dungeon)
 F - a wand of digging (12)
   (You found it on level 10 of the Dungeon)
 I - a wand of scattershot (4)
   (You bought it in a shop on level 2 of the Orcish Mines)
Scrolls
 a - a scroll of random uselessness
 d - a scroll of identify
 g - 8 scrolls of remove curse
 i - 2 scrolls of amnesia {unknown}
 m - 3 scrolls of blinking {unknown}
 o - 3 scrolls of magic mapping {unknown}
 q - 2 scrolls of immolation {unknown}
 w - 3 scrolls of noise {unknown}
 G - a scroll of enchant armour
Potions
 h - a potion of lignification {!q}
 n - 2 potions of mutation {!q}
 p - 2 potions of curing
 r - a potion of might
 s - a potion of flight
 x - a potion of ambrosia
 z - a potion of brilliance
 B - a potion of magic
Comestibles
 c - 23 rations


   Skills:
 - Level 8.2 Fighting
 + Level 14.8 Axes
 - Level 13.3 Armour
 - Level 2.1 Dodging
 - Level 2.4 Stealth
 - Level 2.2 Spellcasting
 - Level 8.2 Necromancy
 - Level 4.6 Evocations


You had 10 spell levels left.
You knew the following spells:

 Your Spells              Type           Power        Failure   Level  Hunger
a - Pain                  Necr           ###.         19%         1    #......
g - Apportation           Tloc           #.....       99%         1    #......
v - Vampiric Draining     Necr           ###.......   50%         3    ###....
A - Animate Skeleton      Necr           N/A          19%         1    #......

Your spell library contained the following spells:

 Spells                   Type           Power        Failure   Level  Hunger
 Animate Dead             Necr           N/A          88%         4    #####..
 Beastly Appendage        Tmut           #.....       99%         1    #......
 Confusing Touch          Hex            #.....       99%         1    #......
 Infusion                 Chrm           #...         99%         1    #......
 Summon Small Mammal      Summ           #...         99%         1    #......
 Shroud of Golubria       Chrm/Tloc      #.........   100%        2    ###....
 Song of Slaying          Chrm           #.......     100%        2    ###....
 Sticks to Snakes         Tmut           #.......     100%        2    ###....
 Spectral Weapon          Hex/Chrm       #.......     100%        3    ###....
 Spider Form              Tmut/Pois      #.........   100%        3    ###....
 Ice Form                 Ice/Tmut       #.......     100%        4    #####..
 Blade Hands              Tmut           #.........   100%        5    ######.
 Regeneration             Chrm/Necr      Unusable     N/A         3    N/A

Dungeon Overview and Level Annotations

Branches:
Dungeon (11/15)            Temple (1/1) D:5            Lair (0/6) D:10
    Orc (2/2) D:9             Elf (0/3) Orc:2

Altars:
Ashenzari
Cheibriados
Dithmenos
Elyvilon
Gozag
Hepliaklqana
Kikubaaqudgha
Makhleb
Nemelex Xobeh
Okawaru
Qazlal
Ru
Sif Muna
Trog
Uskayaw
Vehumet
Wu Jian
Xom
Yredelemnul
Zin
The Shining One

Shops:
D:8 *   Orc:2 =(}%?


Innate Abilities, Weirdness & Mutations

You are resistant to damage.
You can heal yourself by infusing magical energy.
You passively map the area around you.
You do not regenerate.
You are partially covered in large bone plates. (SH +4)
You are partially covered in molten scales. (AC +2)
[Your body often deteriorates upon taking damage.]
[You are dopey. (Int -2)]
[Your magical capacity is low. (-10% MP)]
[You are weak. (Str -2)]
[Potions are less effective at restoring your health.]


Message History

You feel more energetic.
You feel a little less angry.
You feel agile.
You feel stronger.
You feel agile.
You regained 11 hp, and now have 120/166 hp.
You feel a strong urge to attack something.
You feel your anger nearly subside.
You are no longer berserk.
You are exhausted.
You feel yourself slow down.
You now have 80/111 hp.
MP restored: 9 A large abomination comes into view.
You can't see that place. [a rock wall.]
You slice the large abomination!! You burn the large abomination.
You block the large abomination's attack.
The large abomination hits you but does no damage.
You hit the large abomination. You burn the large abomination.
You block the large abomination's attack.
The large abomination hits you but does no damage.
You hit the large abomination. You burn the large abomination.
The large abomination barely misses you.
You block the large abomination's attack.
You hit the large abomination but do no damage.
The large abomination hits you!! The large abomination hits you!
Your body deteriorates!
You feel dopey.
You take 35 damage, and have 45/111 hp.
MASSIVE DAMAGE!!
Aim: a large abomination (severely damaged)
You can't drain life from that!
You slash the large abomination! You burn the large abomination!
You destroy the large abomination!
Makhleb accepts your kill.
You feel better.
You have reached level 13!
You regained 16 hp, and now have 61/117 hp.
MP restored: 10 A raiju comes into view.
You feel yourself speed up.
You slice the raiju!! You burn the raiju!
The raiju bites you but does no damage.
You slash the raiju! You burn the raiju.
You kill the raiju!
Makhleb accepts your kill.
You feel better.
You feel your intelligence returning.
You regained 7 hp, and now have 68/117 hp.
A raiju comes into view.
A raiju comes into view. x2
The raiju barks!
You hear a bark!
You slash the raiju! You burn the raiju.
Your chain mail of Spite prevents you from hitting the raiju.
You hit the raiju. You burn the raiju.
You are feeling very hungry.
The raiju bites you but does no damage.
The raiju bursts into living lightning!
The living lightning misses you. The living lightning hits you!
The raiju blinks!
The raiju bites you but does no damage.
You hit the raiju. You burn the raiju. You slash the raiju! You burn the raiju.
You block the raiju's attack. The raiju barely misses you.
You slice the raiju!! You burn the raiju.
You kill the raiju!
Makhleb accepts your kill.
You feel the corruption within you wane somewhat.
You feel clever.
Your system mostly accepts the healing effects of potions.
You feel a little more calm.
You feel more energetic.
Your chain mail of Spite prevents you from hitting the raiju.
You recover from your berserk rage.
The raiju bursts into living lightning!
The living lightning hits you! x2; The living lightning hits the raiju.
The raiju completely resists.
The raiju blinks! x4; The raiju bites you.
The raiju shocks you! The raiju bites you. The raiju shocks you!
You take 27 damage, and have 41/117 hp.
MASSIVE DAMAGE!!
You slice the raiju!! You burn the raiju. You slash the raiju!
You burn the raiju. The raiju closely misses you. The raiju barely misses you.
The raiju bites you but does no damage.
MP restored: 11 Your chain mail of Spite prevents you from hitting the raiju.
You slash the raiju! You burn the raiju.
You kill the raiju!
Makhleb accepts your kill. The raiju bites you but does no damage.
You hit the raiju. You burn the raiju. The raiju closely misses you.
You slash the raiju! You burn the raiju.
The raiju bites you but does no damage. x2
You completely miss the raiju.
The raiju bursts into living lightning!
The living lightning hits you! x2
* * * LOW HITPOINT WARNING * * *
The raiju blinks!
You take 20 damage, and have 21/117 hp.
The raiju bites you.
* * * LOW HITPOINT WARNING * * *
The raiju shocks you!
* * * LOW HITPOINT WARNING * * *
You take 10 damage, and have 11/117 hp.
You hit the raiju. You burn the raiju.
The raiju bursts into living lightning!
The living lightning hits you!
* * * LOW HITPOINT WARNING * * *
The living lightning hits you!
You die...

.#.# . ####
.#
#........###
.. ....##. .
#.###.### .
###.#§#§.## .
# #..#h#.§#.#
. #
.####...## .
.#....#.#@h.#
#. ..####..##
. .#..# ###§#
.. # ### #
.#...#.. > X.
. .. ..#.## #
# ##. .###.§
. ## #. .#
..§ ..# #. ..
.# .


You could see a raiju.

Vanquished Creatures
  Rupert (Orc:2)
  2 ogre magi (Orc:2)
  8 two-headed ogres
  A hell hog (Abyss:3)
  An orc high priest (Orc:2)
  A wretched star (Abyss:3)
  A deep troll (Orc:2)
  A large abomination (Abyss:3)
  3 cyclopes (Orc:2)
  A hellwing (Abyss:3)
  A catoblepas skeleton (Abyss:3)
  9 trolls (Orc:2)
  3 raiju (Abyss:3)
  A hippogriff (D:6)
  Sigmund (D:5)
  4 air elementals (Abyss:3)
  2 wraiths (D:8)
  4 wargs
  2 acid dragons (D:11)
  A soldier ant (D:10)
  2 water moccasins
  13 orc warriors
  3 ice beasts
  3 sky beasts
  A necrophage (D:8)
  4 black bears
  23 ogres
  7 centaurs
  2 small abominations (Abyss:3)
  A big kobold (D:7)
  A gnoll sergeant (D:10)
  6 bullfrogs
  An elf skeleton (D:8)
  4 scorpions
  6 killer bees (D:9)
  2 wights (D:8)
  6 howler monkeys
  2 jellies (D:10)
  A centaur zombie (D:10)
  5 crimson imps
  8 hounds
  4 human zombies (D:8)
  A centaur skeleton (D:6)
  17 orc priests
  19 orc wizards
  3 bullfrog skeletons
  2 iguanas (D:5)
  A human skeleton (D:8)
  6 worker ants
  A hound zombie (D:6)
  A hound skeleton (D:10)
  A mummy (D:8)
  Robin (D:2)
  11 gnolls
  7 adders
  3 shadow imps
  4 oozes
  2 adder zombies
  An adder skeleton (D:9)
  2 worms
  2 dart slugs (D:1)
  7 leopard geckos
  59 orcs
  5 giant cockroaches
  16 goblins
  12 hobgoblins
  6 jackals
  13 kobolds
  6 quokkas
  6 bats
  8 frilled lizards
  A quokka skeleton (D:5)
  5 rats
382 creatures vanquished.

Vanquished Creatures (collateral kills)
  A two-headed ogre (Orc:2)
  A deep troll (Orc:2)
  A tengu conjurer (D:10)
  An ogre (Orc:2)
  A centaur (D:11)
  A gnoll sergeant (D:10)
  An orc priest (Orc:2)
  An orc wizard (D:10)
  2 adders (D:4)
  2 orcs
12 creatures vanquished.

Vanquished Creatures (others)
  A small abomination (Abyss:3)
  An earth elemental (Abyss:3)
  10 toadstools (D:3)
12 creatures vanquished.

Grand Total: 406 creatures vanquished

Notes
Turn   | Place    | Note
-------+----------+-------------------------------------------
     0 | D:1      | Irenicus the Deep Dwarf Necromancer began the quest for the
                  | Orb.
     0 | D:1      | Reached XP level 1. HP: 15/15 MP: 3/3
    66 | D:1      | Reached skill level 2 in Spellcasting
    71 | D:1      | Reached XP level 2. HP: 16/22 MP: 0/5
   229 | D:1      | Reached skill level 5 in Necromancy
   390 | D:2      | Reached XP level 3. HP: 7/28 MP: 0/6
   394 | D:2      | Learned a level 1 spell: Animate Skeleton
   396 | D:2      | Learned a level 1 spell: Apportation
   493 | D:2      | HP: 6/28 [goblin[Robin] (1)]
   512 | D:2      | Noticed Robin
   513 | D:2      | HP: 5/28 [goblin[Robin] (1)]
   537 | D:2      | Killed Robin
   550 | D:2      | HP: 2/28 [hobgoblin/club[Robin] (6)]
   584 | D:2      | Reached XP level 4. HP: 17/36 MP: 1/7
   651 | D:2      | Learned a level 3 spell: Vampiric Draining
   779 | D:2      | HP: 6/36 [howler monkey (5)]
   787 | D:2      | HP: 5/36 [hobgoblin (1)]
   799 | D:2      | Reached skill level 6 in Necromancy
  1319 | D:3      | Reached XP level 5. HP: 34/42 MP: 2/8
  1349 | D:3      | Found a faded altar of an unknown god.
  1360 | D:3      | Reached skill level 1 in Armour
  1499 | D:3      | Reached skill level 2 in Armour
  1523 | D:3      | Reached skill level 3 in Armour
  1622 | D:4      | HP: 4/42 [orc priest/nerve-wracking pain (11)]
  1625 | D:4      | Reached skill level 1 in Axes
  1625 | D:4      | Reached XP level 6. HP: 27/49 MP: 1/9
  1675 | D:4      | Reached skill level 2 in Axes
  1746 | D:4      | Reached skill level 3 in Axes
  1799 | D:4      | HP: 7/49 [gnoll/flail (10)]
  1807 | D:4      | HP: 4/49 [howler monkey (3)]
  1808 | D:4      | Gained mutation: You are partially covered in large bone
                  | plates. (SH +4) [potion of mutation]
  1808 | D:4      | Gained mutation: You are partially covered in molten
                  | scales. (AC +2) [potion of mutation]
  1817 | D:4      | Reached skill level 7 in Necromancy
  1937 | D:4      | Reached XP level 7. HP: 34/55 MP: 2/10
  1962 | D:4      | Reached skill level 8 in Necromancy
  2056 | D:5      | Entered Level 5 of the Dungeon
  2067 | D:5      | Identified the +9 chain mail of Spite {Stlth+} (You found
                  | it on level 5 of the Dungeon)
  2116 | D:5      | Found a staircase to the Ecumenical Temple.
  2127 | Temple   | Entered the Ecumenical Temple
  2140 | Temple   | Became a worshipper of Makhleb the Destroyer
  2188 | D:5      | Found a shattered altar of Ashenzari.
  2245 | D:5      | Reached skill level 4 in Armour
  2335 | D:5      | Found a deep blue altar of Sif Muna.
  2441 | D:5      | Found a sacrificial altar of Ru.
  2479 | D:5      | Noticed Sigmund
  2490 | D:5      | Reached skill level 5 in Armour
  2525 | D:5      | Killed Sigmund
  2525 | D:5      | Reached skill level 6 in Armour
  2525 | D:5      | Reached XP level 8. HP: 22/62 MP: 5/11
  2786 | D:6      | Reached skill level 4 in Axes
  2883 | D:6      | Reached * piety under Makhleb
  2883 | D:6      | Reached skill level 5 in Axes
  2883 | D:6      | Reached skill level 7 in Armour
  3181 | D:6      | Noticed a hippogriff
  3199 | D:6      | Killed a hippogriff
  3199 | D:6      | Reached skill level 6 in Axes
  3199 | D:6      | Reached skill level 8 in Armour
  3213 | D:6      | HP: 13/62 [orc priest/divine providence (8)]
  3221 | D:6      | HP: 14/93 [orc priest/nerve-wracking pain (5)]
  3340 | D:7      | HP: 10/62 [bullfrog skeleton (3)]
  3362 | D:7      | HP: 8/62 [worker ant (2)]
  3366 | D:7      | Gained mutation: You passively map the area around you.
                  | [Deep Dwarf growth]
  3366 | D:7      | Reached XP level 9. HP: 19/68 MP: 0/12
  3670 | D:8      | Reached skill level 7 in Axes
  3675 | D:8      | Found Qiodek's Assorted Antiques.
  3696 | D:8      | Bought 2 fuming dark potions for 45 gold pieces
  3696 | D:8      | Bought a black potion for 22 gold pieces
  3696 | D:8      | Bought a scroll labeled TAX NIROXONG for 25 gold pieces
  3821 | D:8      | Reached skill level 1 in Evocations
  3876 | D:8      | Found an ancient bone altar of Kikubaaqudgha.
  3901 | D:8      | Reached skill level 2 in Evocations
  3923 | D:8      | Reached skill level 9 in Armour
  3962 | D:8      | HP: 13/65 [wraith (4)]
  3972 | D:8      | Reached skill level 3 in Evocations
  4016 | D:8      | Reached ** piety under Makhleb
  4032 | D:8      | Reached skill level 4 in Evocations
  4524 | D:8      | Reached skill level 10 in Armour
  4656 | D:9      | Reached skill level 8 in Axes
  4727 | D:9      | Reached XP level 10. HP: 71/75 MP: 13/13
  4734 | D:9      | Reached skill level 9 in Axes
  4770 | D:9      | Found an ornate altar of the Wu Jian Council.
  4802 | D:9      | Found a sparkling altar of Nemelex Xobeh.
  4802 | D:9      | Found a bloodstained altar of Trog.
  4829 | D:9      | Reached *** piety under Makhleb
  4916 | D:9      | Found an opulent altar of Gozag.
  4956 | D:9      | Found an iron altar of Okawaru.
  5009 | D:9      | Reached skill level 10 in Axes
  5061 | D:9      | Found a hazy altar of Hepliaklqana.
  5062 | D:9      | Found a shimmering altar of Xom.
  5132 | D:9      | Found a staircase to the Orcish Mines.
  5209 | D:10     | Entered Level 10 of the Dungeon
  5339 | D:10     | Reached skill level 11 in Axes
  5467 | D:10     | Found a staircase to the Lair.
  5618 | D:10     | Reached **** piety under Makhleb
  5662 | D:10     | Noticed a two-headed ogre
  5681 | D:10     | Killed a two-headed ogre
  5681 | D:10     | Reached skill level 12 in Axes
  5954 | D:11     | Reached XP level 11. HP: 54/81 MP: 14/14
  6048 | D:11     | Noticed a four-headed hydra
  6056 | D:11     | Reached skill level 13 in Axes
  6139 | Orc:1    | Entered Level 1 of the Orcish Mines
  6308 | Orc:2    | Entered Level 2 of the Orcish Mines
  6308 | Orc:2    | Found Fonk's Magic Scroll Shop.
  6308 | Orc:2    | Found a staircase to the Elven Halls.
  6308 | Orc:2    | Noticed an orc high priest
  6332 | Orc:2    | Killed an orc high priest
  6436 | Orc:2    | Reached skill level 14 in Axes
  6478 | Orc:2    | Reached ***** piety under Makhleb
  6582 | Orc:2    | HP: 15/82 [orc priest/divine providence (8)]
  6587 | Orc:2    | HP: 5/82 [warg (7)]
  6592 | Orc:2    | Reached skill level 1 in Fighting
  6648 | Orc:2    | Reached skill level 2 in Fighting
  6684 | Orc:2    | Noticed a two-headed ogre
  6685 | Orc:2    | Found Goahuh's Antique Weapon Shoppe.
  6685 | Orc:2    | Noticed a deep troll
  6687 | Orc:2    | Noticed an ogre mage
  6687 | Orc:2    | Noticed a two-headed ogre
  6689 | Orc:2    | Noticed Rupert
  6691 | Orc:2    | Noticed a two-headed ogre
  6691 | Orc:2    | Reached skill level 3 in Fighting
  6692 | Orc:2    | Noticed a two-headed ogre
  6694 | Orc:2    | Noticed a two-headed ogre
  6696 | Orc:2    | Killed a two-headed ogre
  6696 | Orc:2    | Reached skill level 4 in Fighting
  6700 | Orc:2    | Reached skill level 5 in Fighting
  6702 | Orc:2    | Noticed a two-headed ogre
  6702 | Orc:2    | Killed a deep troll
  6703 | Orc:2    | Reached skill level 6 in Fighting
  6705 | Orc:2    | Killed a two-headed ogre
  6707 | Orc:2    | Killed a two-headed ogre
  6707 | Orc:2    | Reached skill level 7 in Fighting
  6708 | Orc:2    | Noticed a deep troll
  6709 | Orc:2    | Killed Rupert
  6709 | Orc:2    | Reached skill level 8 in Fighting
  6709 | Orc:2    | Reached XP level 12. HP: 111/111 MP: 6/14
  6710 | Orc:2    | Killed a two-headed ogre
  6711 | Orc:2    | Noticed a two-headed ogre
  6711 | Orc:2    | Noticed an ogre mage
  6716 | Orc:2    | Killed an ogre mage
  6718 | Orc:2    | Killed a two-headed ogre
  6718 | Orc:2    | Reached skill level 11 in Armour
  6718 | Orc:2    | Killed a two-headed ogre
  6719 | Orc:2    | Noticed a two-headed ogre
  6727 | Orc:2    | Killed a two-headed ogre
  6727 | Orc:2    | Reached skill level 12 in Armour
  6737 | Orc:2    | Killed an ogre mage
  6738 | Orc:2    | Killed a two-headed ogre
  6738 | Orc:2    | Reached skill level 13 in Armour
  6749 | Orc:2    | Found Migyish's Jewellery Shoppe.
  6750 | Orc:2    | Found Qugorph's Gadget Shop.
  6820 | Orc:2    | Found Asiulang's Food Emporium.
  6873 | Orc:2    | Bought a runed hand axe for 162 gold pieces
  6880 | Orc:2    | Bought a wand of scattershot (4) for 360 gold pieces
  6907 | Orc:2    | Identified a scroll of acquirement
  6909 | Orc:2    | Cast into level 3 of the Abyss (a distortion unwield)
  6979 | Abyss:3  | Noticed a hell hog
  6983 | Abyss:3  | Noticed a hell hog
  6983 | Abyss:3  | HP: 21/111 [hell hog/fireball (14)]
  6986 | Abyss:3  | Noticed a hell hog
  6989 | Abyss:3  | Noticed a hell hog
  6992 | Abyss:3  | HP: 23/111 [air elemental (9)]
  6996 | Abyss:3  | Killed a hell hog
  6996 | Abyss:3  | Noticed a starcursed mass
  7020 | Abyss:3  | Noticed a bone dragon
  7132 | Abyss:3  | Reached XP level 13. HP: 61/117 MP: 10/10
  7158 | Abyss:3  | HP: 21/117 [raiju/living lightning (18)]
  7161 | Abyss:3  | HP: 8/117 [raiju/living lightning (3)]
  7161 | Abyss:3  | Killed from afar by a raiju

Skill      XL: |  1  2  3  4  5  6  7  8  9 10 11 12 |
---------------+-------------------------------------+-----
Spellcasting   | 2 |  2.2
Necromancy     | 5 6 7 8 |  8.2
Armour         | 3 6 8 10 13 | 13.3
Axes           | 1 3 6 8 12 14 | 14.8
Evocations     | 4 |  4.6
Fighting       | 8 |  8.2
Dodging        | |  2.1
Stealth        | |  2.4

Action                   |  1- 3 |  4- 6 |  7- 9 | 10-12 | 13-15 || total
-------------------------+-------+-------+-------+-------+-------++-------
Melee: Short sword       |    83 |    60 |       |       |       ||   143
       Hand axe          |       |   120 |   491 |   461 |       ||  1072
       Executioner's axe |       |       |       |    81 |    12 ||    93
 Cast: Pain              |    44 |    60 |    63 |    47 |       ||   214
       Vampiric Draining |       |    13 |    30 |    60 |       ||   103
       Apportation       |       |     4 |       |       |       ||     4
       Animate Skeleton  |       |     3 |     1 |    12 |       ||    16
 Abil: Heal Wounds       |     2 |     3 |     1 |     4 |       ||    10
Evoke: Wand              |       |       |    52 |     4 |       ||    56
  Use: Potion            |     1 |     5 |     5 |     4 |       ||    15
       Scroll            |     1 |     2 |     6 |     8 |       ||    17
 Stab: Sleeping          |       |     2 |       |       |       ||     2
       Distracted        |       |     1 |       |     3 |       ||     4
       Paralysed         |       |       |     4 |       |       ||     4
       Invisible         |       |       |       |     8 |       ||     8
  Eat: Chunk             |       |     7 |     7 |    19 |       ||    33
       Ration            |       |       |     3 |       |       ||     3
Armor: Robe              |     5 |       |       |       |       ||     5
       Leather armour    |     7 |       |       |       |       ||     7
       Ring mail         |       |   131 |     8 |       |       ||   139
       Chain mail        |       |       |   482 |   634 |     9 ||  1125
Dodge: Dodged            |    69 |   210 |   190 |   295 |     5 ||   769
Block: Other             |       |     6 |   113 |   162 |     1 ||   282

Vault maps used:
D:1:      dpeg_arrival_rhombus
D:2:      uniq_robin
D:3:      tgw_fedhas, chequers_ecumenical_altar_simple, first_ration, uniq_purgy
D:5:      nicolae_ashenzari_panopticon, led_sif_pool,
          nicolae_ru_the_path_less_chosen, minmay_temple_entry_statues,
          kennysheep_cluttered_room, kennysheep_generic_room_3, uniq_sigmund
D:7:      minmay_fountain_box
D:8:      lemuel_mausoleum_altar_kikubaaqudgha, serial_shops,
          nicolae_shop_waterfront
D:9:      regret_index_temple_of_mockery, overflow_temple_1_default,
          kennysheep_mini, chequers_temple_overflow_statue_of_worship,
          grunt_gozag_statues, david_orc_4
D:10:     lair_entry_dummy, grunt_tengu_nest, minmay_misc_feat_ornament
D:11:     uniq_josephine
Temple:   eino_temple_lava
Orc:1:    serial_shops, nicolae_shop_competitors_out_of_business, rock_pile
Orc:2:    st_orc_open, serial_shops, shop, uniq_rupert
Abyss:3:  hangedman_abyss_rune_flesh_and_stone

Table legend:
 A = Turns spent in this place as a percentage of turns spent in the entire game.
 B = Non-inter-level travel turns spent in this place as a percentage of non-inter-level travel turns spent in the entire game.
 C = Inter-level travel turns spent in this place as a percentage of turns spent in this place.
 D = Turns resting spent in this place as a percentage of non-inter-level travel turns spent in this place.
 E = Turns spent auto-exploring this place as a percentage of non-inter-level travel turns spent in this place.
 F = Non-inter-level travel turns spent in this place divided by the number of levels of this place that you've seen.
                   A       B       C       D       E      F
               +-------+-------+-------+-------+-------+----------------------
         Total | 100.0 | 100.0 |   2.4 |   0.2 |   0.0 | 466.0
       Dungeon |  85.4 |  85.1 |   2.8 |   0.3 |   0.0 | 540.6
        Temple |   0.3 |   0.3 |   0.0 |   0.0 |   0.0 |  21.0
  Orcish Mines |  10.8 |  11.0 |   0.0 |   0.0 |   0.0 | 385.0
         Abyss |   3.5 |   3.6 |   0.0 |   0.0 |   0.0 | 252.0
               +-------+-------+-------+-------+-------+----------------------

Table legend:
 A = Kills in this place as a percentage of kills in entire the game.
 B = Kills by you in this place as a percentage of kills by you in the entire game.
 C = Kills by friends in this place as a percentage of kills by friends in the entire game.
 D = Other kills in this place as a percentage of other kills in the entire game.
 E = Experience gained in this place as a percentage of experience gained in the entire game.
 F = Experience gained in this place divided by the number of levels of this place that you have seen.
                   A       B       C       D       E      F
               +-------+-------+-------+-------+-------+----------------------
         Total | 100.0 | 100.0 | 100.0 | 100.0 | 100.0 | 2590.9
       Dungeon |  75.9 |  76.4 |  66.7 |   0.0 |  29.6 | 1045.8
  Orcish Mines |  20.3 |  19.9 |  33.3 |   0.0 |  58.3 | 11332.5
         Abyss |   3.8 |   3.7 |   0.0 | 100.0 |  12.1 | 4695.0
               +-------+-------+-------+-------+-------+----------------------
